 Dungeon Crawl Stone Soup version 0.31.0-9-g3a7656b989 (webtiles) character file.

Game seed: 2042226046739011290

30 qw the Shooter (level 3, -4/20 HPs)
             Began as a Deep Elf Hunter on Feb 2, 2024.
             Slain by a gnoll
             ... wielding a +0 spear
              (6 damage)
             ... on level 3 of the Dungeon.
             The game lasted 00:00:02 (1183 turns).

qw the Shooter (Deep Elf Hunter)                    Turns: 1183, Time: 00:00:03

Health: -4/20      AC:  3    Str: 10    XL:     3   Next: 3%
Magic:  5/5        EV:  6    Int: 13    God:
Gold:   74         SH:  0    Dex: 18    Spells: 2/2 levels left

rFire   . . .        a - +1 shortbow
rCold   . . .        (shield currently unavailable)
rNeg    . . .        c - +0 leather armour
rPois   .            (no helmet)
rElec   .            (no cloak)
rCorr   .            (no gloves)
SInv    .            (no boots)
Will    .....        (no amulet)
Stlth   ++           (no ring)
HPRegen 0.23/turn    (no ring)
MPRegen 0.09/turn

%: no passive effects
@: held
A: no striking features
a: no special abilities


You were on level 3 of the Dungeon.
You visited 1 branch of the dungeon, and saw 3 of its levels.

You collected 74 gold pieces.


   Skills:
 - Level 1.5 Fighting
 + Level 6.6 Ranged Weapons
 - Level 2.4 Dodging
 - Level 1.2 Stealth


You had 2 spell levels left.
You didn't know any spells.
Your spell library was empty.

Inventory:

Hand Weapons
 a - a +1 shortbow (weapon)
Armour
 c - a +0 leather armour (worn)
Potions
 h - a potion of might
 i - a potion of curing

Dungeon Overview and Level Annotations

Branches:
Dungeon (3/15)

Altars:


Message History

Done exploring.
1137 ||| READING scroll labelled UVORUG BESODE.
As you read the scroll labelled UVORUG BESODE, it crumbles to dust.
You feel strangely unstable.
It was a scroll of teleportation.
You start waiting.
Your surroundings suddenly seem different.
Done exploring.
1141 ||| DROPPING 2 scrolls of vulnerability.
You drop 2 scrolls of vulnerability.
Done exploring.
What level of the Dungeon? (default 2, ? - help)
There is a stone staircase leading down here.
You climb downwards.
The gnoll shouts! x3; You hear a loud squeak.
There is a stone staircase leading up here.
There are monsters nearby!
Waypoint 2 assigned to D:3.
You shoot an arrow. The arrow hits the gnoll!
The gnoll is heavily wounded.
You hear a shout!
The gnoll hits you from afar with a +0 halberd.
1166 ||| STAIRDANCE The gnoll barely misses you.
You climb upwards.
There is a stone staircase leading down here.
You start resting.
HP restored.
You climb downwards.
The gnoll throws a throwing net.
The throwing net hits you.
You become entangled in the net!
There is a stone staircase leading up, spattered with blood here.
You see here a throwing net.
You struggle against the net.
The gnoll hits you from afar with a +0 spear.
You struggle against the net.
The gnoll closely misses you. The gnoll hits you with a +0 whip.
You struggle against the net.
The gnoll hits you from afar with a +0 spear.
The gnoll hits you with a +0 club.
You struggle against the net.
The gnoll hits you from afar with a +0 spear.
You die...

#. ## #..
.# ...#
.##g..#
.#....#
####......#
#..g.g..#
#..@g..#
#.........#
#.........#
#####......
.....#
.....#
#####


You could see 4 gnolls.

Vanquished Creatures
  2 dart slugs (D:1)
  An endoplasm (D:2)
  3 goblins
  6 hobgoblins
  2 jackals (D:2)
  2 quokkas
  2 ball pythons
  A bat (D:2)
  2 kobolds
  A rat (D:1)
22 creatures vanquished.

Notes
Turn   | Place    | Note
-------+----------+-------------------------------------------
     0 | D:1      | qw the Deep Elf Hunter began the quest for the Orb.
     0 | D:1      | Reached XP level 1. HP: 12/12 MP: 3/3
     0 | D:1      | 0 ||| qw: Version: 0.3-a-155-g5e7d8dd
     0 | D:1      | 0 ||| qw: Game counter: 1095
     0 | D:1      | 0 ||| qw: Melee chars always use a shield: true
     0 | D:1      | 0 ||| qw: God list: Okawaru
     0 | D:1      | 0 ||| qw: Allow faded altars: false
     0 | D:1      | 0 ||| qw: Do Orc after clearing Dungeon:15 true
     0 | D:1      | 0 ||| qw: Do second Lair branch before Depths: true
     0 | D:1      | 0 ||| qw: Lair rune preference: random
     0 | D:1      | 0 ||| qw: Goals: Normal
     0 | D:1      | 0 ||| PLANNING D:1-11
   156 | D:1      | Reached XP level 2. HP: 16/16 MP: 4/4
   249 | D:1      | Reached skill level 6 in Ranged Weapons
   521 | D:1      | 521 ||| READING scroll labelled PAQUPL QEUTANU.
   521 | D:1      | 521 ||| IDENTIFYING golden potion
   522 | D:1      | 522 ||| READING scroll labelled YRA AVAOCANI.
   623 | D:1      | 623 ||| READING scroll labelled YQOTAQU BAIF.
   623 | D:1      | 623 ||| ENCHANTING +0 shortbow.
   624 | D:1      | 624 ||| READING scroll labelled LUMIRPH WIEDAM.
   625 | D:1      | 625 ||| DRINKING 2 green potions.
   626 | D:1      | 626 ||| DROPPING scroll of butterflies.
   627 | D:1      | 627 ||| DROPPING potion of lignification.
   919 | D:2      | Reached XP level 3. HP: 20/20 MP: 5/5
  1032 | D:2      | 1032 ||| READING scroll of identify.
  1032 | D:2      | 1032 ||| IDENTIFYING fuming white potion
  1033 | D:2      | 1033 ||| READING 3 scrolls labelled DIUCLUTTUST.
  1134 | D:2      | 1134 ||| READING scroll labelled YKKEC FULAJA.
  1135 | D:2      | 1135 ||| READING scroll labelled OXZONU SIEDO.
  1135 | D:2      | 1135 ||| ENCHANTING +0 shortbow.
  1136 | D:2      | 1136 ||| READING scroll labelled RISTIE GILIU.
  1137 | D:2      | 1137 ||| READING scroll labelled UVORUG BESODE.
  1141 | D:2      | 1141 ||| DROPPING 2 scrolls of vulnerability.
  1166 | D:3      | 1166 ||| STAIRDANCE
  1182 | D:3      | HP: 2/20 [gnoll/+0 club (5)]
  1183 | D:3      | Slain by a gnoll

Levels and vault maps discovered:
D:1:      eino_arrival_cavern_b, layout_rooms
D:2:      layout_rooms
D:3:      layout_rooms, lightli_temple_of_fire, uniq_ijyb, uniq_sigmund

Skill      XL: |  1  2 |
---------------+-------+-----
Ranged Weapons | 6 |  6.6
Fighting       | |  1.5
Dodging        | |  2.4
Stealth        | |  1.2

Action                     || total
---------------------------++-------
   Fire: Shortbow          ||    50
    Use: Scroll            ||    10
         Potion            ||     1
 Armour: Leather armour    ||    14
  Dodge: Dodged            ||    14

Table legend:
 A = Non-vault XP
 B = Vault XP
 C = Vault XP percentage of total XP
 D = Non-vault monster count
 E = Vault monster count
 F = Vault count percentage of total count
                 A         B        C        D         E       F
            +---------+---------+-------+---------+---------+-------
      Total |      43 |       0 |   0.0 |      22 |       0 |   0.0
            +---------+---------+-------+---------+---------+-------
        D:1 |      23 |       0 |   0.0 |      11 |       0 |   0.0
        D:2 |      20 |       0 |   0.0 |      11 |       0 |   0.0
            +---------+---------+-------+---------+---------+-------
